 Dungeon Crawl Stone Soup version 0.20-a0-1000-g0e8f6bb (webtiles) character file.

882 MTVSty1e the Skirmisher (level 8, 0/64 HPs)
             Began as a Formicid Fighter on Apr 12, 2017.
             Was a Believer of Okawaru.
             Killed from afar by a crimson imp (16 damage)
             ... with a wand of lightning (?/15)
             ... on level 6 of the Dungeon.
             The game lasted 00:12:18 (3743 turns).

MTVSty1e the Skirmisher (Formicid Fighter)          Turns: 3743, Time: 00:12:19

Health: 0/64       AC: 16    Str: 23    XL:     8   Next: 25%
Magic:  8/8        EV:  9    Int:  8    God:    Okawaru [**....]
Gold:   301        SH: 12    Dex: 10    Spells: 7/7 levels left

rFire    + + .     SeeInvis +   h - +2 hand axe (venom)
rCold    x . .     Gourm    .   c - +0 shield
rNeg     . . .     Faith    .   m - +0 fire dragon scales
rPois    .         Spirit   .   (helmet unavailable)
rElec    .         Reflect  +   x - +1 cloak
rCorr    .         Harm     .   y - +2 pair of gloves {archery}
MR       .....                  e - +0 pair of boots
Stlth    ..........             k - +2 amulet of reflection
Regen    0.2/turn               l - ring of stealth
MPRegen  0.2/turn               (no ring)

@: no status effects
A: permanent stasis, dig shafts and tunnels, four strong arms, antennae 3
a: Dig, Shaft Self, Heroism, Renounce Religion


You were on level 6 of the Dungeon.
You worshipped Okawaru.
Okawaru was pleased with you.
You were not hungry.

You visited 1 branch of the dungeon, and saw 6 of its levels.
You also visited: Sewer.

You collected 301 gold pieces.

Inventory:

Hand Weapons
 a - a +0 war axe
 h - a +2 hand axe of venom (weapon)
Armour
 b - a +0 scale mail
 c - a +0 shield (worn)
 e - a +0 pair of boots (worn)
 m - +0 fire dragon scales (worn)
 x - a +1 cloak (worn)
 y - a +2 pair of gloves of archery (worn)
Jewellery
 k - a +2 amulet of reflection (around neck)
 l - a ring of stealth (left hand)
Wands
 D - a wand of polymorph (17/24)
 G - a wand of lightning (1/15)
Scrolls
 g - 2 scrolls of recharging
 i - 3 scrolls of teleportation
 j - 2 scrolls of identify
 p - a scroll of immolation {unknown}
 C - a scroll of fear {unknown}
 E - a scroll of remove curse {unknown}
 F - a scroll of random uselessness {unknown}
Potions
 d - 2 potions of might
 o - 2 potions of agility {unknown}
 q - a potion of mutation {unknown}
 t - a potion of ambrosia {unknown}
 u - a potion of lignification {unknown}
 v - 3 potions of heal wounds
 w - 5 potions of curing
 z - a potion of invisibility {unknown}
 A - 3 potions of flight {unknown}
 B - a potion of cancellation {unknown}
Comestibles
 f - 4 bread rations
 n - 7 fruits
 r - 2 royal jellies
 s - 2 meat rations


   Skills:
 * Level 6.3 Fighting
 + Level 4.0 Axes
 + Level 5.3 Armour
 + Level 3.0 Dodging
 + Level 5.6 Shields


You had 7 spell levels left.
You didn't know any spells.

Dungeon Overview and Level Annotations

Branches:
Dungeon (6/15)
 Temple: D:4-7

Altars:
Nemelex Xobeh
Okawaru
Trog
Xom
Zin

Shops:
D:4 (


Innate Abilities, Weirdness & Mutations

You cannot be hasted, slowed, berserked, paralysed or teleported.
You can dig through walls and to a lower floor.
Your four strong arms can wield two-handed weapons with a shield.
You have a pair of large antennae on your head. (SInv)


Message History

You closely miss the crimson imp. You block the crimson imp's attack.
You completely miss the crimson imp. You block the crimson imp's attack.
You barely miss the crimson imp. You block the crimson imp's attack.
You completely miss the crimson imp.
The crimson imp blinks!
The crimson imp zaps a wand.
The bolt of lightning misses you.
You hit the crimson imp.
The crimson imp is poisoned.
The crimson imp is moderately wounded.
You block the crimson imp's attack.
You hit the crimson imp.
The crimson imp looks even sicker.
The crimson imp is moderately wounded.
The crimson imp hits you but does no damage.
You miss the crimson imp.
The crimson imp is moderately wounded.
The crimson imp zaps a wand.
The bolt of lightning hits you!
* * * LOW HITPOINT WARNING * * *
The crimson imp hits you but does no damage.
You closely miss the crimson imp.
The crimson imp is lightly wounded.
The crimson imp zaps a wand.
The bolt of lightning hits you!
You die...

.........#
.......>..#
..........#
...........#
...........#
...........#
......>....+ .
...........### ...
.......5@....##.....
.............''.....
.............##.....
...###+#.....# ....
############
#.#.....# ..
....##.....#
#.#.....#
.##.##.....#
#.#†....#
.##.##.[...#
#[#.....#
.##..).)...#
#.#.....#


You could see a crimson imp.

Vanquished Creatures
  Purgy (Sewer)
  A centaur (D:5)
  Blork the orc (D:4)
  A crimson imp (D:5)
  2 howler monkeys
  A jelly (D:3)
  An orc priest (D:6)
  2 orc wizards (D:6)
  Crazy Yiuf (D:3)
  4 worker ants
  2 hound zombies (D:5)
  Robin (D:3)
  4 gnolls (D:5)
  A worker ant zombie (D:5)
  9 adders
  7 worms
  3 dart slugs
  4 leopard geckos
  6 orcs
  5 giant cockroaches
  11 goblins
  11 hobgoblins
  4 jackals
  10 kobolds
  2 quokkas (D:5)
  7 bats
  5 frilled lizards
  A jackal skeleton (D:4)
  4 rats
112 creatures vanquished.

Vanquished Creatures (others)
  A kobold (D:3)
1 creature vanquished.

Grand Total: 113 creatures vanquished

Notes
Turn   | Place    | Note
-------+----------+-------------------------------------------
     0 | D:1      | MTVSty1e the Formicid Fighter began the quest for the Orb.
     0 | D:1      | Reached XP level 1. HP: 18/18 MP: 1/1
    51 | D:1      | Reached XP level 2. HP: 24/24 MP: 2/2
   274 | D:1      | Reached XP level 3. HP: 30/30 MP: 3/3
   610 | D:2      | Reached skill level 4 in Fighting
   693 | D:2      | Reached skill level 1 in Dodging
   693 | D:2      | Reached XP level 4. HP: 37/37 MP: 4/4
  1051 | D:3      | Found a sparkling altar of Nemelex Xobeh.
  1070 | D:3      | Found a runed door.
  1117 | D:3      | Noticed Crazy Yiuf
  1126 | D:3      | Killed Crazy Yiuf
  1126 | D:3      | Reached XP level 5. HP: 41/43 MP: 5/5
  1160 | D:3      | Found a faded altar of an unknown god.
  1240 | D:3      | Noticed Robin
  1256 | D:3      | Killed Robin
  1293 | D:3      | Found a glowing silver altar of Zin.
  1293 | D:3      | Found a shimmering altar of Xom.
  1293 | D:3      | Noticed an angel
  1511 | D:3      | Found an iron altar of Okawaru.
  1527 | D:3      | Became a worshipper of Warmaster Okawaru
  1646 | D:3      | Reached XP level 6. HP: 49/49 MP: 6/6
  1860 | D:4      | Noticed Blork the orc
  1870 | D:4      | Killed Blork the orc
  2109 | D:4      | Reached skill level 5 in Fighting
  2384 | D:4      | Found Tirphes's Antique Weapon Boutique.
  2659 | D:5      | Entered Level 5 of the Dungeon
  2744 | D:5      | Reached XP level 7. HP: 56/56 MP: 7/7
  2815 | D:5      | Reached * piety under Okawaru
  2831 | D:5      | Reached skill level 5 in Shields
  2885 | D:5      | Found a bloodstained altar of Trog.
  3203 | D:5      | Found a glowing drain.
  3207 | Sewer    | Entered a sewer
  3263 | Sewer    | Noticed Purgy
  3276 | Sewer    | Killed Purgy
  3276 | Sewer    | Reached ** piety under Okawaru
  3276 | Sewer    | Reached skill level 6 in Fighting
  3276 | Sewer    | Reached skill level 5 in Armour
  3276 | Sewer    | Reached XP level 8. HP: 58/64 MP: 8/8
  3743 | D:6      | Killed from afar by a crimson imp

Vault maps used:
D:1:      dpeg_arrival_tiny_a
D:2:      first_bread
D:3:      grunt_temple_overflow_order_and_chaos_1, nemelex_altar_shiori,
          chequers_ecumenical_altar_island, okawaru_trees_1,
          uniq_crazy_yiuf_cottage, uniq_robin
D:4:      serial_shops, kennysheep_mini_moat, uniq_blork_the_orc
D:5:      marbit_many_paths, gup_sewer_entry_spiral
D:6:      kennysheep_steamy, lemuel_crystal_altar, minmay_temple_entry_trees,
          uniq_eustachio
Sewer:    sewer_the_crocodile

Skill      XL: |  1  2  3  4  5  6  7  8 |
---------------+-------------------------+-----
Shields        | 4 5 |  5.6
Fighting       | 4 5 6 |  6.3
Dodging        | 1 2 3 |  3.0
Armour         | 4 5 |  5.3
Axes           | 3 4 |  4.0

Action                   |  1- 3 |  4- 6 |  7- 9 || total
-------------------------+-------+-------+-------++-------
Melee: War axe           |    32 |       |       ||    32
       Hand axe          |    28 |   113 |   148 ||   289
  Use: Scroll            |       |     6 |       ||     6
       Potion            |       |       |     2 ||     2
  Eat: Meat ration       |       |     1 |     1 ||     2
       Royal jelly       |       |     1 |       ||     1
Armor: Scale mail        |    22 |       |       ||    22
       Fire dragon scale |     8 |    41 |    53 ||   102
Dodge: Dodged            |    20 |    24 |    47 ||    91
Block: Shield            |    37 |    72 |    77 ||   186
       Reflection        |       |    14 |       ||    14
